 Dungeon Crawl Stone Soup version 0.28-a0-628-g3c9886e45e (webtiles) character file.

Game seed: 5699833778281221183

67 senseless the Skirmisher (level 3, 0/33 HPs)
             Began as a Draconian Fighter on Oct 8, 2021.
             Slain by a rat (1 damage)
             ... on level 2 of the Dungeon.
             The game lasted 00:03:35 (2101 turns).

senseless the Skirmisher (Draconian Fighter)        Turns: 2101, Time: 00:03:37

Health: 0/33       AC:  5    Str: 19    XL:     3   Next: 98%
Magic:  3/3        EV:  8    Int:  8    God:
Gold:   20         SH: 11    Dex: 10    Spells: 2/2 levels left

rFire   . . .      SeeInvis .   a - +0 flail
rCold   . . .      Faith    .   f - +0 tower shield
rNeg    . . .      Spirit   .   (armour unavailable)
rPois   .          Reflect  .   (helmet restricted)
rElec   .          Harm     .   (no cloak)
rCorr   .          Rampage  .   (no gloves)
Will    .....                   (no boots)
Stlth   +.........              (no amulet)
HPRegen 0.11/turn               (no ring)
MPRegen 0.08/turn               (no ring)

@: lethally poisoned (0 -> -2)
A: AC +5, unfitting armour, cold-blooded
a: no special abilities


You were on level 2 of the Dungeon.
You visited 1 branch of the dungeon, and saw 2 of its levels.

You collected 20 gold pieces.

Inventory:

Hand Weapons
 a - a +0 flail (weapon)
Armour
 f - a +0 tower shield (worn)
Magical Staves
 g - a staff of conjuration
Potions
 c - a potion of might


   Skills:
 + Level 3.9 Fighting
 + Level 2.6 Maces & Flails
 + Level 3.2 Dodging
 + Level 3.5 Shields


You had 2 spell levels left.
You didn't know any spells.
Your spell library was empty.

Dungeon Overview and Level Annotations

Branches:
Dungeon (2/15)

Altars:


Innate Abilities, Weirdness & Mutations

Your plain brown scales are hard. (AC +5)
You cannot fit into any form of body armour.
You are cold-blooded and may be slowed by cold attacks.


Message History

You hit the adder.
The adder is severely wounded.
The rat barely misses you. The adder bites you but does no damage.
The rat barely misses you. The adder bites you but does no damage.
You closely miss the adder.
The adder is severely wounded.
The adder bites you. You block the rat's attack. The adder bites you.
You are poisoned.
The adder poisons you! The rat bites you but does no damage.
Your shield prevents you from hitting the adder.
The adder is severely wounded.
You feel sick. You block the adder's attack. The rat barely misses you.
The adder barely misses you.
You are too injured to fight recklessly!
You are too injured to fight recklessly!
You are too injured to fight recklessly!
You miss the adder.
The adder is severely wounded.
You feel sick. You block the adder's attack.
The rat bites you but does no damage. The adder bites you but does no damage.
You block the rat's attack. The adder barely misses you.
You hit the adder but do no damage.
Your tail-slap misses the adder.
The adder is severely wounded.
You feel sick.
You are no longer poisoned.
The adder bites you.
* * * LOW HITPOINT WARNING * * *
The rat bites you but does no damage. You block the rat's attack.
The adder bites you.
* * * LOW HITPOINT WARNING * * *
You are poisoned.
The adder poisons you!
Okay, then.
You barely miss the adder.
Your tail-slap misses the adder.
The adder is severely wounded.
You feel sick. The adder bites you.
* * * LOW HITPOINT WARNING * * *
You block the rat's attack. The adder bites you but does no damage.
The rat bites you.
You die...

## .. ###.# .....
.#.... ......#### ###
#.....r..## ..#
#>S@..#####..
#..#......##.
##.#.####.##†##
#.....##..#.<#
####...............
#####.####...h......
##.....#.............
##....................
#..<............#####.


You could see an adder and a rat.

Vanquished Creatures
  2 gnolls (D:1)
  4 dart slugs (D:1)
  2 bats (D:1)
  3 endoplasms (D:1)
  2 goblins (D:1)
  A hobgoblin (D:1)
  8 jackals
  4 kobolds (D:1)
  2 quokkas (D:1)
  2 ball pythons
  4 frilled lizards (D:1)
  4 rats (D:1)
38 creatures vanquished.

Vanquished Creatures (others)
  2 kobolds (D:2)
2 creatures vanquished.

Grand Total: 40 creatures vanquished

Notes
Turn   | Place    | Note
-------+----------+-------------------------------------------
     0 | D:1      | senseless the Draconian Fighter began the quest for the
                  | Orb.
     0 | D:1      | Reached XP level 1. HP: 19/19 MP: 1/1
   473 | D:1      | Reached XP level 2. HP: 26/26 MP: 2/2
  1189 | D:1      | Reached XP level 3. HP: 31/33 MP: 3/3
  2101 | D:2      | HP: 1/33 [adder (4)]
  2101 | D:2      | Slain by a rat

Illustrated notes

Levels and vault maps discovered:
D:1:      dpeg_arrival_three_bigger_balls, layout_basic, minmay_ruptured
D:2:      minmay_chambers_of_twos, layout_rooms, basic_altar,
          ebering_ecumenical_altar_petrified, corexii_item_surrounded_by_moat,
          lemuel_old_faithful

Skill      XL: |  1  2 |
---------------+-------+-----
Dodging        | 3 |  3.2
Fighting       | |  3.9
Maces & Flails | |  2.6
Shields        | |  3.5

Action                   || total
-------------------------++-------
Melee: Flail             ||   147
       Tailslap          ||    16
  Use: Potion            ||     4
Armor: Skin              ||    81
Dodge: Dodged            ||    73
Block: Tower shield      ||   155
       Buckler           ||     2

Table legend: (Time is in decaauts)
 A = Elapsed time spent in this place.
 B = Non-inter-level travel time spent in this place.
 C = Inter-level travel time spent in this place.
 D = Time resting spent in this place.
 E = Time spent auto-exploring this place.
 F = Levels seen in this place.
 G = Mean time per level.
                   A        B        C        D        E       F      G
               +--------+--------+--------+--------+--------+-----+--------+
         Total |   2202 |   2127 |     75 |    424 |   1295 |   2 | 1101.0 |
       Dungeon |   2202 |   2127 |     75 |    424 |   1295 |   2 | 1101.0 |
               +--------+--------+--------+--------+--------+-----+--------+

Top non-repeatable levels by time:
     D:1: 2124 daAuts
     D:2: 77 daAuts
